 Dungeon Crawl Stone Soup version 0.26.1-11-gd32895ea62 (webtiles) character file.

Game seed: 376864805883377514

99 Zeld the Cudgeller (level 4, 0/38 HPs)
             Began as a Draconian Gladiator on June 12, 2021.
             Slain by Grinder (3 damage)
             ... while paralysed by Grinder
             ... on level 3 of the Dungeon.
             The game lasted 00:01:58 (2592 turns).

Zeld the Cudgeller (Draconian Gladiator)            Turns: 2592, Time: 00:01:58

Health: 0/38       AC:  5    Str: 18    XL:     4   Next: 45%
Magic:  4/4        EV:  2    Int:  8    God:
Gold:   116        SH:  0    Dex: 12    Spells: 3/3 levels left

rFire    . . .     SeeInvis .   a - +0 flail
rCold    . . .     Faith    .   (no shield)
rNeg     . . .     Spirit   .   (armour unavailable)
rPois    .         Reflect  .   b - +0 hat
rElec    .         Harm     .   (no cloak)
rCorr    .         Rampage  .   (no gloves)
Will     .....                  (no boots)
Stlth    +.........             (no amulet)
HPRegen  0.12/turn              (no ring)
MPRegen  0.09/turn              (no ring)

@: paralysed
A: unfitting armour, cold-blooded, AC +5
a: no special abilities


You were on level 3 of the Dungeon.
You visited 1 branch of the dungeon, and saw 3 of its levels.

You collected 116 gold pieces.

Inventory:

Hand Weapons
 a - a +0 flail (weapon)
Missiles
 f - 83 stones (quivered)
 h - 10 poisoned darts
Armour
 b - a +0 hat (worn)
Jewellery
 e - an uncursed ring of protection from fire {unknown}
 q - an uncursed ring of protection from fire {unknown}
Scrolls
 d - a scroll of noise {unknown}
 g - 6 scrolls of identify {unknown}
 i - 2 scrolls of teleportation {unknown}
 l - a scroll of fear {unknown}
 n - a scroll of amnesia {unknown}
 p - a scroll of remove curse {unknown}
Potions
 j - a potion of might {unknown}
 k - a potion of heal wounds {unknown}
 m - a potion of berserk rage {unknown}
 o - a potion of mutation {unknown}


   Skills:
 + Level 3.0 Fighting
 * Level 3.9 Maces & Flails
 * Level 2.8 Throwing
 + Level 3.1 Dodging


You had 3 spell levels left.
You didn't know any spells.
Your spell library was empty.

Dungeon Overview and Level Annotations

Branches:
Dungeon (3/15)

Altars:
Ashenzari

Annotations:
D:3 Grinder


Innate Abilities, Weirdness & Mutations

Your plain brown scales are hard. (AC +5)
You cannot fit into any form of body armour.
You are cold-blooded and may be slowed by cold attacks.


Message History

The rat struggles against the net.
The net rips apart, and the rat comes free!
Grinder hits you.
* * * LOW HITPOINT WARNING * * *
You can move again.
You barely miss Grinder.
Grinder is severely wounded.
Grinder gestures at you.
You shrug off the repeated paralysis!
You barely miss Grinder. You tail-slap Grinder.
Grinder is severely wounded.
Grinder misses you.
You completely miss Grinder.
Grinder is severely wounded.
Grinder gestures at you.
You suddenly lose the ability to move!
Grinder hits you.
* * * LOW HITPOINT WARNING * * *
You writhe in agony.
You die...

#.#. #......... ....
+......... #... #
#......... #..# .#
##.......# #
#(.##?##.###.....##
#.#........# ##...##
#...r...# ##'## #5#
#.#
#@###########†####
#.##.............#
#.##...........#.#
##.##.......>#.....
##...#...........#.#
#............#..##.#
##.............## #
##.##.......###
####.......#


You could see Grinder and a rat.

Vanquished Creatures
  Jessica (D:2)
  An ooze (D:1)
  2 worms (D:2)
  A dart slug (D:1)
  4 leopard geckos
  3 giant cockroaches
  8 goblins
  10 hobgoblins
  3 jackals (D:3)
  A quokka (D:2)
  2 ball pythons
  3 bats
  6 frilled lizards
  3 kobolds
  5 rats
53 creatures vanquished.

Notes
Turn   | Place    | Note
-------+----------+-------------------------------------------
     0 | D:1      | Zeld the Draconian Gladiator began the quest for the Orb.
     0 | D:1      | Reached XP level 1. HP: 17/17 MP: 1/1
   555 | D:1      | Reached XP level 2. HP: 25/25 MP: 2/2
  1068 | D:1      | Reached XP level 3. HP: 19/30 MP: 3/3
  1289 | D:2      | Noticed Jessica
  1296 | D:2      | Killed Jessica
  1386 | D:2      | Reached XP level 4. HP: 32/37 MP: 4/4
  1389 | D:2      | Found a broken altar of Ashenzari.
  2573 | D:3      | Noticed Grinder
  2585 | D:3      | Paralysed by Grinder for 4 turns
  2591 | D:3      | Paralysed by Grinder for 3 turns
  2592 | D:3      | Slain by Grinder

Illustrated notes

Levels and vault maps discovered:
D:1:      dpeg_arrival_shelter, layout_basic, serial_corexii_hall,
          corexii_hall_statues_l, corexii_hall_statues_deadend
D:2:      layout_loops_ring, evilmike_ruin_ashenzari, minmay_surrounded,
          uniq_jessica
D:3:      layout_loops_corners, cheibrodos_gnoll_hut, uniq_grinder

Skill      XL: |  1  2  3  4 |
---------------+-------------+-----
Throwing       | 2 |  2.8
Dodging        | 3 |  3.1
Fighting       | 3 |  3.0
Maces & Flails | |  3.9

Action                   |  1- 3 |  4- 6 || total
-------------------------+-------+-------++-------
Melee: Flail             |    79 |    79 ||   158
       Tailslap          |     5 |    13 ||    18
Throw: Throwing net      |       |     3 ||     3
 Stab: Sleeping          |     3 |       ||     3
       Held in net/web   |       |     1 ||     1
Armor: Skin              |    17 |    19 ||    36
Dodge: Dodged            |    64 |    49 ||   113
